Workbook
Name aa: #REF!
Name adasda: #REF!
Name BDI: [1]Desoneração!#REF!
Name BDI: #REF!
Name BDI: [1]Desoneração!#REF!
Name Print_Area: '0105 A 300423'!$A$1:$Q$32
Name Print_Area: 'AA AT HORAS'!$D$1:$M$50
Name Print_Area: 'Cálculo Cobertura'!$A$2:$P$10
Name Qtd_Dias: '[2]HORAS,VT,VA'!#REF!
Name Qtd_Dias: '[1]HORAS,VT,VA,CAFÉ'!$B$19

Sheet 0105 A 300423
A10: PLANILHA ESTIMATIVA DE CUSTOS - DE 01 DE MAIO DE 2022 A 30 DE ABRIL DE 2023
A11: Posto de Trabalho | B11: Convenções Coletivas de Trabalho (pode ser alterado) vigência Data-base | C11: Jornada de Trabalho | E11: MONTANTE A | H11: MONTANTE B | K11: Somatório Montantes "A" e "B" | L11: CITL Calculado sobre o Somatório dos Montantes "A" e "B" | M11: Total unitário mensal do posto de trabalho | N11: Total unitário anual do posto de trabalho (12 meses) | O11: Quantidade de profissionais por posto de trabalho | P11: Total mensal estimado da contratação | Q11: Total anual estimado da contratação
D12: Salário-base | E12: Salário | F12: Encargos Sociais | G12: Total Unitário Montante "A" | H12: Valor do Auxílio-Alimentação | I12: Valor do Auxílio-transporte | J12: Total Unitário Montante "B"
F13: ='Encargos Sociais'!D36 -> 0.71702338 | L13: ='Encargos Sociais'!K14 -> 0.31020408
A14: Técnico em telecomunicações | B14: SEAC-DF x SINTEC-DF 01/05/2021 até 30/04/2022 01/maio | C14: 40h semanais | D14: 0 | E14: 2564.61 | F14: =ROUNDUP((E14*$F$13),2) -> 1838.89 | G14: =E14+F14 -> 4403.5 | H14: ='AA AT HORAS'!K49 -> 714.58333 | I14: ='AA AT HORAS'!M40 -> 70.706733 | J14: =H14+I14 -> 785.29007 | K14: =G14+J14 -> 5188.7901 | L14: =K14*$L$13 -> 1609.5839 | M14: =ROUNDUP((K14+L14),2) -> 6798.38 | N14: =M14*12 -> 81580.56 | O14: 3 | P14: =M14*O14 -> 20395.14 | Q14: =P14*12 -> 244741.68
A15: Operador de Telefonia | B15: SEAC-DF x SINTTEL-DF 01/01 até 31/12/2022 01/janeiro | C15: 30h semanais | D15: 1112 | E15: 2028.65 | F15: =ROUNDUP((E15*$F$13),2) -> 1454.59 | G15: =E15+F15 -> 3483.24 | H15: ='AA AT HORAS'!K50 -> 775.83333 | I15: ='AA AT HORAS'!M42 -> 102.86433 | J15: =H15+I15 -> 878.69767 | K15: =G15+J15 -> 4361.9377 | L15: =K15*$L$13 -> 1353.0909 | M15: =ROUNDUP((K15+L15),2) -> 5715.03 | N15: =M15*12 -> 68580.36 | O15: 4 | P15: =M15*O15 -> 22860.12 | Q15: =P15*12 -> 274321.44
A16: Subtotal 1 | G16: =SUM(G14:G15) -> 7886.74 | J16: =SUM(J14:J15) -> 1663.9877 | K16: =SUM(K14:K15) -> 9550.7277 | O16: =SUM(O14:O15) -> 7 | P16: =SUM(P14:P15) -> 43255.26 | Q16: =SUM(Q14:Q15) -> 519063.12
A17: AUXÍLIO-CRECHE - SEAC-DF x SINTTEL-DF 2022/2022 - Previsão para 1 (uma) criança - Ressarcimento (Só poderá ser alterado pelo licitante, em caso de adoção de outra CCT) | N17: Qtd. | O17: Valor Unit. | P17: Valor Mensal | Q17: Valor Anual
N18: 1 | O18: 291.1 | P18: =O18*N18 -> 291.1 | Q18: =P18*12 -> 3493.2
A19: AUXÍLIO-FUNERAL E SEGURO DE VIDA - SEAC-DF x SINTTEL-DF 2022/2022 - Ressarcimento por contratação de apólice (Só poderá ser alterado pelo licitante, em caso de adoção de outra CCT) | N19: Qtd. | O19: Valor Unit. | P19: Valor Mensal | Q19: Valor Anual
N20: =O15 -> 4 | O20: 11.36 | P20: =N20*O20 -> 45.44 | Q20: =P20*12 -> 545.28
A21: AUXÍLIO-FUNERAL E SEGURO DE VIDA - SEAC-DF x SINTEC-DF 2021/2022 - Ressarcimento por contratação de apólice (Só poderá ser alterado pelo licitante, em caso de adoção de outra CCT) | N21: Qtd. | O21: Valor Unit. | P21: Valor Mensal | Q21: Valor Anual
N22: =O14 -> 3 | O22: 2.3 | P22: =N22*O22 -> 6.9 | Q22: =P22*12 -> 82.8
A23: AUXÍLIO-ODONTOLÓGICO - SEAC-DF x SINTTEL-DF 2022/2022 - Ressarcimento (Só poderá ser alterado pelo licitante, em caso de adoção de outra CCT) | N23: Qtd. | O23: Valor Unit. | P23: Valor Mensal | Q23: Valor Anual
N24: =O15 -> 4 | O24: 12 | P24: =N24*O24 -> 48 | Q24: =P24*12 -> 576
A25: AUXÍLIO-ODONTOLÓGICO - SEAC-DF x SINTEC-DF 2021/2022 - Ressarcimento (Só poderá ser alterado pelo licitante, em caso de adoção de outra CCT) | N25: Qtd. | O25: Valor Unit. | P25: Valor Mensal | Q25: Valor Anual
N26: =O14 -> 3 | O26: 10.63 | P26: =N26*O26 -> 31.89 | Q26: =P26*12 -> 382.68
A27: PLANO AMBULATORIAL - SEAC-DF x SINTTEL-DF 2022/2022 - Ressarcimento (Só poderá ser alterado pelo licitante, em caso de adoção de outra CCT) | N27: Qtd. | O27: Valor Unit. | P27: Valor Mensal | Q27: Valor Anual
N28: =O15 -> 4 | O28: 181.9 | P28: =N28*O28 -> 727.6 | Q28: =P28*12 -> 8731.2
A29: PLANO AMBULATORIAL - SEAC-DF x SINTEC-DF 2021/2022 - Ressarcimento (Só poderá ser alterado pelo licitante, em caso de adoção de outra CCT) | N29: Qtd. | O29: Valor Unit. | P29: Valor Mensal | Q29: Valor Anual
N30: =O14 -> 3 | O30: 160.07 | P30: =N30*O30 -> 480.21 | Q30: =P30*12 -> 5762.52
A31: Subtotal 2 | P31: =SUM(P17:P30) -> 1631.14 | Q31: =SUM(Q18:Q30) -> 19573.68
A32: Total - Somatório do Subtotal 1 e do Subtotal 2 | P32: =ROUNDUP((P16+P31),2) -> 44886.4 | Q32: =ROUNDUP((Q16+Q31),2) -> 538636.8
O35: GARANTIA | P35: =0.05*Q32 -> 26931.84

Sheet AA AT HORAS
D9: PLANILHA DE HORAS NO PERÍODO DE 01/05/2022 A 30/04/2023
D10: MÊS | E10: Quantidade de dias da Semana | I10: Feriados forenses no período | J10: Quantidade de horas úteis no período
E11: Nº de Segundas a Quintas | F11: Nº de Sextas | G11: Nº de Sábados | H11: Nº de Domingos e Feriados | J11: 30 horas semanais | K11: 40 horas Semanais
D12: 44682 | E12: 18 | F12: 4 | G12: 4 | H12: 5 | I12: 0 | J12: 132 | K12: 176
D13: 44713 | E13: 17 | F13: 4 | G13: 4 | H13: 5 | I13: 0 | J13: 126 | K13: 168
D14: 44743 | E14: 16 | F14: 5 | G14: 5 | H14: 5 | I14: 0 | J14: 126 | K14: 168
D15: 44774 | E15: 18 | F15: 4 | G15: 4 | H15: 4 | I15: 1 | J15: 132 | K15: 176
D16: 44805 | E16: 16 | F16: 5 | G16: 4 | H16: 5 | I16: 0 | J16: 126 | K16: 168
D17: 44835 | E17: 16 | F17: 3 | G17: 5 | H17: 6 | I17: 1 | J17: 114 | K17: 152
D18: 44866 | E18: 15 | F18: 4 | G18: 4 | H18: 6 | I18: 1 | J18: 114 | K18: 152
D19: 44896 | E19: 16 | F19: 5 | G19: 5 | H19: 4 | I19: 1 | J19: 126 | K19: 168
D20: 44927 | E20: 18 | F20: 4 | G20: 4 | H20: 5 | I20: 0 | J20: 132 | K20: 176
D21: 44958 | E21: 14 | F21: 4 | G21: 4 | H21: 5 | I21: 1 | J21: 108 | K21: 144
D22: 44986 | E22: 18 | F22: 5 | G22: 4 | H22: 4 | I22: 0 | J22: 138 | K22: 184
D23: 45017 | E23: 14 | F23: 2 | G23: 5 | H23: 7 | I23: 2 | J23: 96 | K23: 128
E24: =SUM(E12:E23) -> 196 | F24: =SUM(F12:F23) -> 49 | G24: =SUM(G12:G23) -> 52 | H24: =SUM(H12:H23) -> 61
D25: DIAS ÚTEIS | E25: =SUM(E24:F24) -> 245
D26: TOTAL DE HORAS DE FUNCIONAMENTO NO PERÍODO | J26: =SUM(J12:J23) -> 1470 | K26: =SUM(K12:K23) -> 1960
D28: CÁLCULO DO CUSTO DO AUXÍLIO-TRANSPORTE | P28: CÁLCULO DO VALOR DA HORA - 1º ANO
D29: Posto de trabalho | G29: Salário | H29: 12 meses (12 * salário) | I29: Dias úteis no ano | J29: Resultado (12 meses / dias úteis) | K29: 0.06 | L29: Dias Trabalhados no ano | M29: Participação funcionário (anual) | P29: Postos de Trabalho | R29: Valor Mensal | S29: Divisor | T29: Valor da Hora
K30: x resultado
P31: ='0105 A 300423'!A14 -> Técnico em telecomunicações | Q31: 8h às 17h | R31: ='0105 A 300423'!M14 -> 6798.38 | S31: 200 | T31: =R31/S31 -> 33.9919
D32: ='0105 A 300423'!A14 -> Técnico em telecomunicações | G32: ='0105 A 300423'!E14 -> 2564.61 | H32: =G32*12 -> 30775.32 | I32: =$E$25 -> 245 | J32: =H32/I32 -> 125.61355 | K32: =J32*$K$29 -> 7.5368131 | L32: =$E$25 -> 245 | M32: =K32*L32 -> 1846.5192 | Q32: 10h às 19h
Q33: 11h às 20h
D34: ='0105 A 300423'!A15 -> Operador de Telefonia | G34: ='0105 A 300423'!E15 -> 2028.65 | H34: =G34*12 -> 24343.8 | I34: =$E$25 -> 245 | J34: =H34/I34 -> 99.362449 | K34: =J34*$K$29 -> 5.9617469 | L34: =$E$25 -> 245 | M34: =K34*L34 -> 1460.628 | P34: ='0105 A 300423'!A15 -> Operador de Telefonia | Q34: 8h às 14h | R34: ='0105 A 300423'!M15 -> 5715.03 | S34: 150 | T34: =R34/S34 -> 38.1002
Q35: 14h às 20h
D37: Posto de trabalho | G37: Valor unitário do vale | H37: Quantidade diária | I37: Dias úteis no ano | J37: Resultado | K37: Participação funcionário (anual) | L37: Participação empresa (anual) | M37: Participação empresa (mensal)
D40: =$D$32 -> Técnico em telecomunicações | G40: 5.5 | H40: 2 | I40: =$E$25 -> 245 | J40: =G40*H40*I40 -> 2695 | K40: =M32 -> 1846.5192 | L40: =IF(J40-K40<=0,0,J40-K40) -> 848.4808 | M40: =L40/12 -> 70.706733 | S40: =0.05*T33 -> 0
L41: =IF(J41-K41<=0,0,J41-K41) -> 0
D42: =$D$34 -> Operador de Telefonia | G42: 5.5 | H42: 2 | I42: =$E$25 -> 245 | J42: =G42*H42*I42 -> 2695 | K42: =M34 -> 1460.628 | L42: =IF(J42-K42<=0,0,J42-K42) -> 1234.372 | M42: =L42/12 -> 102.86433
L43: =IF(J43-K43<=0,0,J43-K43) -> 0
D45: CÁLCULO AUXÍLIO-ALIMENTAÇÃO
D46: Posto de trabalho | G46: Valor Unitário | H46: % de subsídio PAT ou CCT | I46: Dias Úteis | J46: Valor anual do auxílio- alimentação | K46: Valor estimado mensal
H47: 0
H48: 0
D49: =$D$32 -> Técnico em telecomunicações | G49: 35 | H49: =(G49)-(G49*$H$47) -> 35 | I49: =E25 -> 245 | J49: =H49*I49 -> 8575 | K49: =J49/12 -> 714.58333
D50: =$D$34 -> Operador de Telefonia | G50: 38 | H50: =((G50)-(G50*$H$48)) -> 38 | I50: =E25 -> 245 | J50: =H50*I50 -> 9310 | K50: =J50/12 -> 775.83333

Sheet Encargos Sociais
B2: PLANILHA DE COMPOSIÇÃO DOS PERCENTUAIS
B3: MÁXIMOS DE ENCARGOS SOCIAIS | G3: CUSTOS INDIRETOS, TRIBUTOS E LUCRO - CITL
B4: Item | C4: Título | D4: RAT / FAP (*) PODERÁ SER ALTERADO | G4: TRIBUTAÇÃO | J4: Cumulativa | K4: Não Cumulativa
D5: 0.03 | E5: 2
B6: Módulo "A" | D6: % | G6: DESCRIÇÃO | J6: % | K6: %
B7: 1 | C7: PREVIDÊNCIA SOCIAL - PODERÁ SER ALTERADO | D7: 0.2 | G7: CUSTOS INDIRETOS* | I7: A | J7: 0.05 | K7: 0.05
B8: 2 | C8: SESI / SESC - NÃO PODERÁ SER ALTERADO | D8: 0.015 | G8: LUCRO* | I8: B | J8: 0.07 | K8: 0.07
B9: 3 | C9: SENAI / SENAC - NÃO PODERÁ SER ALTERADO | D9: 0.01 | G9: TRIBUTOS - SOMATÓRIO: | I9: C | J9: =SUM(J10:J13) -> 0.0865 | K9: =SUM(K10:K13) -> 0.1425
B10: 4 | C10: INCRA - NÃO PODERÁ SER ALTERADO | D10: 0.002 | I10: ISS | J10: 0.05 | K10: 0.05
B11: 5 | C11: SALÁRIO EDUCAÇÃO - NÃO PODERÁ SER ALTERADO | D11: 0.025 | I11: COFINS | J11: 0.03 | K11: 0.076
B12: 6 | C12: F G T S - NÃO PODERÁ SER ALTERADO | D12: 0.08 | I12: PIS | J12: 0.0065 | K12: 0.0165
B13: 7 | C13: RISCO ACIDENTE DE TRABALHO AJUSTADO (**) | D13: =D5*E5 -> 0.06 | I13: CPRB** | J13: 0 | K13: 0
B14: 8 | C14: SEBRAE - NÃO PODERÁ SER ALTERADO | D14: 0.006 | G14: TOTAL DO CITL | J14: =(((1+J7)*(1+J8))/(1-J9))-1 -> 0.22988506 | K14: =(((1+K7)*(1+K8))/(1-K9))-1 -> 0.31020408
B15: Total do Módulo "A" | D15: =SUM(D7:D14) -> 0.398 | G15: Fórmula do citl
B16: Módulo B | D16: %
D17: 1º Ano | E17: A partir do 2º ano
B18: 9 | C18: 13º SALÁRIO - NÃO PODERÁ SER ALTERADO (***) | D18: =1/12 -> 0.083333333 | E18: =1/11 -> 0.090909091 | G18: Onde:
B19: 10 | C19: FÉRIAS - NÃO PODERÁ SER ALTERADO (***) | D19: =1/12 -> 0.083333333 | E19: =1/11 -> 0.090909091 | G19: A = Custos indiretos;
B20: 11 | C20: ABONO DE FÉRIAS - NÃO PODERÁ SER ALTERADO (***) | D20: =1/3/12 -> 0.027777778 | E20: =1/3/11 -> 0.03030303 | G20: B = Lucro; e
B21: 12 | C21: AUXÍLIO DOENÇA - PODERÁ SER ALTERADO | D21: 0.0139 | G21: C = Tributos - somatório
B22: 13 | C22: LICENÇA PATERNIDADE - PODERÁ SER ALTERADO | D22: 0.0002 | G22: *Incluem custo com salário, encargos e auxílios do preposto
B23: 14 | C23: FALTAS LEGAIS - PODERÁ SER ALTERADO | D23: 0.0028 | G23: **Contribuição Previdenciária sobre a Receita Bruta - lei 12.546/2011
B24: 15 | C24: ACIDENTE DO TRABALHO - PODERÁ SER ALTERADO | D24: 0.0003
B25: Total do Módulo "B" | D25: =SUM(D18:D20)+SUM(D21:E24) -> 0.21164444 | E25: =SUM(E18:E20)+SUM(D21:E24) -> 0.22932121 | G25: CONTA-DEPÓSITO VINCULADA - BLOQUEADA PARA MOVIMENTAÇÃO
B26: Módulo C | D26: % | G26: Item | J26: 1º Ano | K26: A partir do 2º ano
B27: 16 | C27: AVISO PRÉVIO INDENIZADO - PODERÁ SER ALTERADO | D27: 0.0042 | G27: Módulo "A" | J27: =D15 -> 0.398 | K27: =D15 -> 0.398
B28: 17 | C28: AVISO PRÉVIO - PODERÁ SER ALTERADO | D28: 0.0004 | G28: Título | J28: %
B29: 18 | C29: INDENIZAÇÃO ADICIONAL - PODERÁ SER ALTERADO | D29: 0.0008 | G29: 13º salário | J29: =D18 -> 0.083333333 | K29: =E18 -> 0.090909091
B30: 19 | C30: FGTS RECISÕES SEM JUSTA CAUSA - PODERÁ SER ALTERADO | D30: 0.0288 | G30: Férias | J30: =D19 -> 0.083333333 | K30: =E19 -> 0.090909091
B31: Total do Módulo "C" | D31: =SUM(D27:D30) -> 0.0342 | G31: Subtotal | J31: =SUM(J29:J30) -> 0.16666667 | K31: =SUM(K29:K30) -> 0.18181818
B32: Módulo D | D32: %
B33: 20 | C33: INCIDÊNCIA DE A SOBRE B | D33: =D15*(D25-D20) -> 0.073178933 | E33: =D15*(E25-E20) -> 0.079209236 | G33: Incidência Módulo "A" | J33: =J27*J31 -> 0.066333333 | K33: =K27*K31 -> 0.072363636
B34: Total do Módulo "D" | D34: =SUM(D33) -> 0.073178933 | E34: =SUM(E33) -> 0.079209236 | G34: Abono férias | J34: =D20 -> 0.027777778 | K34: =E20 -> 0.03030303
B35: TOTAL DOS ENCARGOS SOCIAIS | D35: 1º Ano | E35: A partir do 2º ano | G35: FGTS Recisões sem Justa Causa | J35: =D30 -> 0.0288 | K35: =D30 -> 0.0288
D36: =(D15+D25+D31+D34) -> 0.71702338 | E36: =(D15+E25+D31+E34) -> 0.74073045 | G36: A CONTINGENCIAR | J36: =SUM(J31:J35) -> 0.28957778 | K36: =SUM(K31:K35) -> 0.31328485
B37: (*) Risco Acidente de Trabalho / Fator Acidentário de Prevenção
B38: (**) Variação das alíquotas de 0,5% a 6% de RAT, devido a incidência do FAP
B39: (***) Em caso de ausência de cobertura de férias, deverá ser alterado o divisor para 11 meses, à partir do segundo ano do contrato

Sheet Cálculo Cobertura
B3: CÁLCULO DO PROFISSIONAL DE COBERTURA
B5: Postos de Trabalho | C5: MONTANTE "A" | I5: MONTANTE "B" | L5: Somatório Montantes "A" e "B" | M5: CITL Calculado sobre o somatório dos Montantes "A" e "B" | N5: Total unitário mensal do posto de trabalho | O5: Valor da hora do cobertura
C6: Salário | D6: 13º Salário | E6: Férias | F6: Abono de férias | G6: Incidência do Módulo A sobre 13º Salário e Férias | H6: Total unitário Montante "A" | I6: Auxílio-Alimentação | J6: Auxílio-transporte - parte da empresa | K6: Total unitário Montante "B"
D9: 0.0833 | E9: 0.0833 | F9: 0.0278 | G9: ='Encargos Sociais'!D15 -> 0.398 | I9: Valor Mensal | J9: Valor Mensal | M9: ='Encargos Sociais'!K14 -> 0.31020408
B10: ='0105 A 300423'!A14 -> Técnico em telecomunicações | C10: ='0105 A 300423'!E14 -> 2564.61 | D10: =C10*$D$9 -> 213.63201 | E10: =C10*$E$9 -> 213.63201 | F10: =$F$9*C10 -> 71.296158 | G10: =($G$9*D10)+(E10*$G$9) -> 170.05108 | H10: =C10+D10+F10+G10+E10 -> 3233.2213 | I10: ='AA AT HORAS'!K49 -> 714.58333 | J10: ='AA AT HORAS'!M40 -> 70.706733 | K10: =I10+J10 -> 785.29007 | L10: =H10+K10 -> 4018.5113 | M10: =L10*$M$9 -> 1246.5586 | N10: =L10+M10 -> 5265.07 | O10: =N10/200 -> 26.32535
B11: ='0105 A 300423'!A15 -> Operador de Telefonia | C11: ='0105 A 300423'!E15 -> 2028.65 | D11: =C11*$D$9 -> 168.98655 | E11: =C11*$E$9 -> 168.98655 | F11: =$F$9*C11 -> 56.39647 | G11: =($G$9*D11)+(E11*$G$9) -> 134.51329 | H11: =C11+D11+F11+G11+E11 -> 2557.5328 | I11: ='AA AT HORAS'!K50 -> 775.83333 | J11: ='AA AT HORAS'!M42 -> 102.86433 | K11: =I11+J11 -> 878.69767 | L11: =H11+K11 -> 3436.2305 | M11: =L11*$M$9 -> 1065.9327 | N11: =L11+M11 -> 4502.1632 | O11: =N11/150 -> 30.014422
